[ AOE2 MATCH · #505041313 ]
UnrankedVikings vs Celts
Player's team · LOSS
Rival team · WIN
[ REPLAY ANALYSIS · EXTRACTED FROM THE RECORDED GAME ]
Feudal
14:58
Castle
19:29
Imperial
—
| APM avg | 48.4 |
| APM peak | 81 |
| eAPM avg | 28.2 |
| Villagers / military | 124 / 86 |
Focus
⚔️ 35.4% · 🌾 64.6%
Berserk ×62 · Archer ×14 · Battering Ram ×6 · Militia ×4
Feudal
13:53
Castle
22:54
Imperial
35:54
| APM avg | 60.1 |
| APM peak | 147 |
| eAPM avg | 25.1 |
| Villagers / military | 98 / 67 |
Focus
⚔️ 29.4% · 🌾 70.6%
Woad Raider ×18 · Archer ×13 · Skirmisher ×11 · Mangonel ×9 · Militia ×7 · Monk ×6
Match map
Initial resources + every placement click. Lines = walls · curves = elevation contours. ◆ gold · ⬟ stone · ● berries · ✦ relic · ◌ wall gap
Your base· Open — unwalled flank
Fs.ShaDoWn's base· Open — 2t gap
Smoothed initial terrain · ◌ = detected wall gap · hover for details
Inputs per minute
— hoyohoyo9 - - Fs.ShaDoWn
Build order — hoyohoyo9
First 150 of 366 actions detected
| 0:01 | Queue | Villager (Male) ×4 |
| 0:02 | Build | House |
| 1:12 | Queue | Villager (Male) |
| 1:26 | Build | House |
| 1:43 | Build | House |
| 2:05 | Build | Lumber Camp |
| 2:12 | Queue | Villager (Male) |
| 2:33 | Queue | Villager (Male) |
| 3:06 | Queue | Villager (Male) |
| 3:24 | Queue | Villager (Male) |
| 3:51 | Build | Palisade Wall |
| 3:52 | Build | Palisade Wall |
| 3:56 | Queue | Villager (Male) |
| 4:21 | Queue | Villager (Male) |
| 4:48 | Queue | Villager (Male) |
| 5:10 | Build | Barracks |
| 5:13 | Queue | Villager (Male) |
| 5:33 | Queue | Villager (Male) |
| 5:35 | Build | House |
| 5:52 | Queue | Militia |
| 5:55 | Queue | Villager (Male) |
| 6:09 | Queue | Villager (Male) |
| 6:16 | Build | Palisade Wall |
| 6:17 | Queue | Militia |
| 6:39 | Queue | Villager (Male) |
| 6:39 | Queue | Militia |
| 6:53 | Build | Palisade Wall |
| 6:55 | Build | Palisade Wall |
| 6:57 | Build | Palisade Wall |
| 7:03 | Build | House |
| 7:05 | Build | Palisade Wall |
| 7:09 | Queue | Villager (Male) |
| 7:10 | Queue | Militia |
| 7:29 | Build | Mill |
| 7:31 | Queue | Villager (Male) |
| 7:31 | Queue | Villager (Male) |
| 7:48 | Build | Palisade Wall |
| 7:50 | Build | Palisade Wall |
| 7:54 | Build | Palisade Wall |
| 7:56 | Queue | Villager (Male) |
| 8:02 | Build | Palisade Wall |
| 8:06 | Build | Palisade Wall |
| 8:08 | Build | Palisade Wall |
| 8:11 | Build | Palisade Wall |
| 8:16 | Build | Palisade Wall |
| 8:17 | Build | Palisade Wall |
| 8:20 | Build | Palisade Wall |
| 8:22 | Build | Palisade Wall |
| 8:27 | Queue | Villager (Male) |
| 8:37 | Queue | Villager (Male) |
| 8:47 | Queue | Villager (Male) |
| 9:34 | Build | House |
| 9:40 | Build | Farm |
| 9:42 | Build | Farm |
| 9:42 | Queue | Villager (Male) |
| 9:46 | Build | House |
| 9:50 | Build | Palisade Wall |
| 10:13 | Build | Farm |
| 10:24 | Queue | Villager (Male) |
| 10:33 | Build | House |
| 10:34 | Queue | Villager (Male) |
| 10:45 | Queue | Villager (Male) |
| 10:48 | Build | Lumber Camp |
| 11:03 | Queue | Villager (Male) |
| 11:15 | Queue | Villager (Male) |
| 11:19 | Build | Farm |
| 11:19 | Build | Farm |
| 11:30 | Queue | Villager (Male) |
| 11:38 | Queue | Villager (Male) |
| 11:39 | Build | Farm |
| 11:39 | Build | Farm |
| 11:54 | Build | Mining Camp |
| 11:59 | Queue | Villager (Male) |
| 12:38 | Research | Feudal Age |
| 13:24 | Queue | Villager (Male) |
| 14:49 | Queue | Villager (Male) |
| 14:58 | Age | Feudal Age |
| 14:59 | Build | Blacksmith |
| 15:00 | Build | Market |
| 15:08 | Research | Double-Bit Axe |
| 15:30 | Research | Loom |
| 15:40 | Research | Loom |
| 15:50 | Build | Archery Range |
| 15:55 | Build | Palisade Wall |
| 16:02 | Build | Archery Range |
| 16:35 | Queue | Archer |
| 16:35 | Queue | Archer |
| 16:49 | Research | Castle Age |
| 16:51 | Build | House |
| 16:53 | Build | House |
| 16:55 | Build | Palisade Wall |
| 17:00 | Build | House |
| 17:04 | Queue | Villager (Male) |
| 17:15 | Build | House |
| 17:16 | Queue | Villager (Male) |
| 17:26 | Build | Stone Wall |
| 17:28 | Build | Stone Wall |
| 17:30 | Build | Stone Wall |
| 17:31 | Build | Stone Wall |
| 17:33 | Build | Stone Wall |
| 17:41 | Build | House |
| 17:51 | Build | Stone Wall |
| 17:52 | Queue | Villager (Male) |
| 18:11 | Build | Stone Wall |
| 18:14 | Build | Stone Wall |
| 18:23 | Queue | Archer |
| 18:23 | Queue | Archer |
| 18:27 | Queue | Archer |
| 18:27 | Queue | Archer |
| 18:33 | Research | Fletching |
| 18:34 | Queue | Villager (Male) |
| 18:39 | Build | Farm |
| 18:40 | Build | Farm |
| 18:45 | Queue | Archer |
| 18:45 | Queue | Archer |
| 19:05 | Queue | Archer |
| 19:05 | Queue | Archer |
| 19:16 | Research | Padded Archer Armor |
| 19:29 | Age | Castle Age |
| 19:42 | Queue | Archer |
| 19:43 | Queue | Archer |
| 19:47 | Queue | Villager (Male) |
| 19:54 | Queue | Villager (Male) |
| 20:17 | Queue | Villager (Male) |
| 20:19 | Build | Farm |
| 20:19 | Build | Farm |
| 20:21 | Queue | Villager (Male) |
| 20:24 | Queue | Archer |
| 20:25 | Queue | Archer |
| 20:30 | Build | House |
| 21:30 | Build | Town Center |
| 21:31 | Queue | Villager (Male) |
| 21:33 | Queue | Villager (Male) |
| 21:36 | Build | House |
| 21:36 | Build | Farm |
| 22:04 | Queue | Villager (Male) |
| 22:14 | Build | Town Center |
| 22:15 | Queue | Villager (Male) |
| 22:26 | Research | Double-Bit Axe |
| 22:26 | Research | Double-Bit Axe |
| 22:35 | Queue | Villager (Male) |
| 23:12 | Build | Farm |
| 23:13 | Build | Farm |
| 23:13 | Build | Farm |
| 23:13 | Build | Farm |
| 23:19 | Queue | Villager (Male) |
| 23:28 | Build | Farm |
| 23:28 | Build | Farm |
| 23:29 | Build | Farm |
| 23:38 | Build | Farm |
Build order — Fs.ShaDoWn
First 150 of 271 actions detected
| 0:02 | Queue | Villager (Male) |
| 0:02 | Queue | Villager (Male) |
| 0:02 | Queue | Villager (Male) |
| 0:03 | Build | House |
| 0:05 | Build | House |
| 0:09 | Queue | Villager (Male) |
| 0:09 | Queue | Villager (Male) |
| 1:33 | Queue | Villager (Male) |
| 1:33 | Queue | Villager (Male) |
| 2:06 | Queue | Villager (Male) |
| 2:22 | Queue | Villager (Male) |
| 2:22 | Queue | Villager (Male) |
| 2:46 | Build | Barracks |
| 2:57 | Queue | Villager (Male) |
| 2:57 | Queue | Villager (Male) |
| 3:16 | Queue | Villager (Male) |
| 3:28 | Build | House |
| 3:43 | Queue | Villager (Male) |
| 3:59 | Queue | Villager (Male) |
| 4:12 | Queue | Villager (Male) |
| 4:19 | Queue | Militia |
| 4:47 | Queue | Militia |
| 4:47 | Queue | Militia |
| 5:01 | Queue | Villager (Male) |
| 5:01 | Queue | Villager (Male) |
| 5:12 | Build | House |
| 5:22 | Research | Loom |
| 5:32 | Queue | Villager (Male) |
| 5:43 | Queue | Militia |
| 5:44 | Queue | Villager (Male) |
| 5:45 | Queue | Villager (Male) |
| 6:10 | Build | Lumber Camp |
| 6:22 | Queue | Villager (Male) |
| 6:40 | Queue | Villager (Male) |
| 6:56 | Build | House |
| 7:00 | Queue | Villager (Male) |
| 7:00 | Queue | Villager (Male) |
| 7:01 | Queue | Villager (Male) |
| 7:42 | Queue | Villager (Male) |
| 7:56 | Queue | Villager (Male) |
| 8:14 | Build | Mill |
| 8:26 | Queue | Villager (Male) |
| 8:28 | Build | House |
| 8:29 | Build | Palisade Wall |
| 8:30 | Build | Palisade Wall |
| 8:32 | Build | Palisade Wall |
| 8:40 | Build | Palisade Wall |
| 8:50 | Build | House |
| 9:03 | Queue | Villager (Male) |
| 9:06 | Build | House |
| 9:31 | Queue | Villager (Male) |
| 9:51 | Queue | Villager (Male) |
| 9:58 | Build | House |
| 10:07 | Build | Farm |
| 10:09 | Build | Farm |
| 10:37 | Build | Farm |
| 10:39 | Build | Farm |
| 11:43 | Research | Feudal Age |
| 11:43 | Research | Feudal Age |
| 11:53 | Build | Lumber Camp |
| 12:19 | Build | Mining Camp |
| 12:44 | Queue | Militia |
| 12:44 | Queue | Militia |
| 12:57 | Queue | Militia |
| 13:24 | Build | Palisade Wall |
| 13:26 | Build | Palisade Wall |
| 13:27 | Build | Palisade Wall |
| 13:45 | Queue | Villager (Male) |
| 13:53 | Age | Feudal Age |
| 13:56 | Build | Archery Range |
| 13:58 | Research | Man-at-Arms (upgrade) |
| 13:58 | Research | Man-at-Arms (upgrade) |
| 13:59 | Research | Double-Bit Axe |
| 13:59 | Research | Double-Bit Axe |
| 14:02 | Build | Farm |
| 14:15 | Queue | Villager (Male) |
| 14:29 | Build | Farm |
| 14:31 | Queue | Villager (Male) |
| 14:44 | Research | Arson |
| 14:45 | Queue | Archer |
| 14:50 | Build | Farm |
| 14:51 | Build | Farm |
| 14:52 | Build | Farm |
| 15:04 | Queue | Villager (Male) |
| 15:08 | Queue | Archer |
| 15:08 | Queue | Archer |
| 15:19 | Build | Farm |
| 15:26 | Queue | Villager (Male) |
| 15:26 | Queue | Villager (Male) |
| 15:31 | Build | Farm |
| 15:32 | Build | Farm |
| 15:33 | Build | Farm |
| 15:37 | Build | Palisade Wall |
| 15:42 | Queue | Archer |
| 15:43 | Queue | Archer |
| 15:43 | Queue | Villager (Male) |
| 15:44 | Queue | Villager (Male) |
| 15:46 | Build | Farm |
| 15:52 | Build | Farm |
| 16:06 | Queue | Villager (Male) |
| 16:08 | Build | Farm |
| 16:18 | Queue | Villager (Male) |
| 16:50 | Queue | Archer |
| 16:54 | Queue | Villager (Male) |
| 16:56 | Build | Blacksmith |
| 16:58 | Build | Farm |
| 16:59 | Build | Farm |
| 17:13 | Queue | Archer |
| 17:13 | Queue | Archer |
| 17:14 | Queue | Villager (Male) |
| 17:14 | Queue | Villager (Male) |
| 17:16 | Build | Farm |
| 17:17 | Build | Farm |
| 17:28 | Queue | Archer |
| 17:48 | Queue | Villager (Male) |
| 17:50 | Build | Farm |
| 17:51 | Build | Farm |
| 17:52 | Queue | Archer |
| 17:52 | Queue | Archer |
| 18:14 | Build | House |
| 18:15 | Build | House |
| 18:16 | Research | Fletching |
| 18:16 | Research | Fletching |
| 18:37 | Queue | Villager (Male) |
| 18:40 | Build | Farm |
| 18:56 | Queue | Villager (Male) |
| 19:00 | Build | Market |
| 19:21 | Queue | Villager (Male) |
| 20:14 | Research | Castle Age |
| 20:14 | Research | Castle Age |
| 20:17 | Build | Archery Range |
| 20:31 | Queue | Skirmisher |
| 20:31 | Queue | Skirmisher |
| 21:21 | Queue | Skirmisher |
| 21:22 | Queue | Skirmisher |
| 21:28 | Research | Padded Archer Armor |
| 21:29 | Research | Padded Archer Armor |
| 21:38 | Queue | Skirmisher |
| 21:59 | Queue | Skirmisher |
| 21:59 | Queue | Skirmisher |
| 22:15 | Queue | Skirmisher |
| 22:28 | Queue | Villager (Male) |
| 22:54 | Age | Castle Age |
| 22:55 | Research | Elite Skirmisher (upgrade) |
| 22:55 | Research | Elite Skirmisher (upgrade) |
| 22:58 | Research | Bodkin Arrow |
| 22:58 | Research | Bodkin Arrow |
| 23:03 | Queue | Villager (Male) |
| 23:11 | Build | Town Center |
| 23:16 | Research | Leather Archer Armor |
Match timeline
| 2:46 | Fs.ShaDoWn · first_building Barracks |
| 3:51 | hoyohoyo9 · wall_segment Palisade Wall x1 |
| 3:52 | hoyohoyo9 · wall_segment Palisade Wall x1 |
| 5:10 | hoyohoyo9 · first_building Barracks |
| 6:16 | hoyohoyo9 · wall_segment Palisade Wall x6 |
| 6:53 | hoyohoyo9 · wall_segment Palisade Wall x1 |
| 6:55 | hoyohoyo9 · wall_segment Palisade Wall x1 |
| 6:57 | hoyohoyo9 · wall_segment Palisade Wall x1 |
| 7:05 | hoyohoyo9 · wall_segment Palisade Wall x1 |
| 7:48 | hoyohoyo9 · wall_segment Palisade Wall x1 |
| 7:50 | hoyohoyo9 · wall_segment Palisade Wall x1 |
| 7:54 | hoyohoyo9 · wall_segment Palisade Wall x1 |
| 8:02 | hoyohoyo9 · wall_segment Palisade Wall x1 |
| 8:06 | hoyohoyo9 · wall_segment Palisade Wall x1 |
| 8:08 | hoyohoyo9 · wall_segment Palisade Wall x1 |
| 8:11 | hoyohoyo9 · wall_segment Palisade Wall x1 |
| 8:16 | hoyohoyo9 · wall_segment Palisade Wall x1 |
| 8:17 | hoyohoyo9 · wall_segment Palisade Wall x1 |
| 8:20 | hoyohoyo9 · wall_segment Palisade Wall x1 |
| 8:22 | hoyohoyo9 · wall_segment Palisade Wall x1 |
| 8:29 | Fs.ShaDoWn · wall_segment Palisade Wall x1 |
| 8:30 | Fs.ShaDoWn · wall_segment Palisade Wall x1 |
| 8:32 | Fs.ShaDoWn · wall_segment Palisade Wall x1 |
| 8:40 | Fs.ShaDoWn · wall_segment Palisade Wall x4 |
| 9:50 | hoyohoyo9 · wall_segment Palisade Wall x6 |
| 13:24 | Fs.ShaDoWn · wall_segment Palisade Wall x1 |
| 13:26 | Fs.ShaDoWn · wall_segment Palisade Wall x1 |
| 13:27 | Fs.ShaDoWn · wall_segment Palisade Wall x1 |
| 13:53 | Fs.ShaDoWn · age_up feudal |
| 13:56 | Fs.ShaDoWn · first_building Archery Range |
| 14:58 | hoyohoyo9 · age_up feudal |
| 15:37 | Fs.ShaDoWn · wall_segment Palisade Wall x1 |
| 15:50 | hoyohoyo9 · first_building Archery Range |
| 15:55 | hoyohoyo9 · wall_segment Palisade Wall x7 |
| 16:55 | hoyohoyo9 · wall_segment Palisade Wall x1 |
| 17:26 | hoyohoyo9 · wall_segment Stone Wall x1 |
| 17:28 | hoyohoyo9 · wall_segment Stone Wall x1 |
| 17:30 | hoyohoyo9 · wall_segment Stone Wall x1 |
| 17:31 | hoyohoyo9 · wall_segment Stone Wall x1 |
| 17:33 | hoyohoyo9 · wall_segment Stone Wall x1 |
| 17:51 | hoyohoyo9 · wall_segment Stone Wall x1 |
| 18:11 | hoyohoyo9 · wall_segment Stone Wall x1 |
| 18:14 | hoyohoyo9 · wall_segment Stone Wall x2 |
| 18:27 | hoyohoyo9 · first_market_sell 100 wood |
| 19:29 | hoyohoyo9 · age_up castle |
| 21:09 | hoyohoyo9 · first_market_buy 100 stone |
| 22:54 | Fs.ShaDoWn · age_up castle |
| 26:31 | Fs.ShaDoWn · first_market_buy 100 wood |
| 26:36 | Fs.ShaDoWn · first_building Siege Workshop |
| 26:39 | hoyohoyo9 · first_building Castle |
| 27:01 | Fs.ShaDoWn · first_building Monastery |
| 31:53 | Fs.ShaDoWn · first_building Castle |
| 32:36 | hoyohoyo9 · first_building Siege Workshop |
| 32:41 | Fs.ShaDoWn · first_market_sell 100 wood |
| 35:54 | Fs.ShaDoWn · age_up imperial |
| 37:13 | hoyohoyo9 · resign |
[ AI ANALYSIS · 1 CREDIT ]
What really happened in this match?
Wolo.gg analyzes every decision: build order, eco, micro, common mistakes by bracket. Personalized analysis on WhatsApp or Discord in 30 seconds.
Civ guide
Vikings
Perfil
hoyohoyo9